 Dungeon Crawl Stone Soup version 0.20.1-1-g8b1a95d (webtiles) character file.

455 mortelune the Digger (level 7, -4/36 HPs)
             Began as a Gargoyle Earth Elementalist on Nov 1, 2017.
             Slain by Pikel
             ... wielding a +0 whip of flaming
              (15 damage)
             ... on level 4 of the Dungeon.
             The game lasted 00:17:01 (3946 turns).

mortelune the Digger (Gargoyle Earth Elementalist)  Turns: 3946, Time: 00:17:02

Health: -4/36      AC:  8    Str: 11    XL:     7   Next: 5%
Magic:  5/13       EV: 12    Int: 18    God:
Gold:   173        SH:  0    Dex: 10    Spells: 10/14 levels left

rFire    . . .     SeeInvis .   l - +0 mace
rCold    . . .     Gourm    .   (no shield)
rNeg     + . .     Faith    .   c - +0 robe
rPois    ∞         Spirit   .   (no helmet)
rElec    +         Reflect  .   (no cloak)
rCorr    .         Harm     .   u - +0 pair of gloves
MR       .....                  a - +0 pair of boots
Stlth    ++........             (no amulet)
Regen    0.2/turn               f - +3 ring of slaying
MPRegen  0.2/turn               (no ring)

@: no status effects
A: negative energy resistance 1, electricity resistance, unbreathing,
petrification resistance, rot immunity, AC +4
a: no special abilities


You were on level 4 of the Dungeon.
You were not hungry.

You visited 1 branch of the dungeon, and saw 4 of its levels.

You collected 173 gold pieces.

Inventory:

Hand Weapons
 h - a +0 dagger
 k - a +0 whip
 l - a +0 mace (weapon)
 q - a +0 flail
Missiles
 b - 74 stones (quivered)
 p - 46 sling bullets
Armour
 a - a +0 pair of boots (worn)
 c - a +0 robe (worn)
 u - a +0 pair of gloves (worn)
Jewellery
 f - a +3 ring of slaying (left hand)
 v - an uncursed ring of stealth {unknown}
Wands
 C - a wand of flame (30/48)
Scrolls
 i - 2 scrolls of blinking {unknown}
 j - 4 scrolls of identify {unknown}
 n - 2 scrolls of random uselessness {unknown}
 o - 2 scrolls of recharging {unknown}
 t - 2 scrolls of amnesia {unknown}
 z - a scroll of teleportation {unknown}
 A - a scroll of remove curse {unknown}
Potions
 g - a potion of brilliance {unknown}
 m - a potion of heal wounds {unknown}
 s - a potion of lignification {unknown}
Books
 e - a book of Geomancy

   Spells                             Type                      Level
   a - Sandblast                      Earth                        1
   b - Passwall                       Transmutation/Earth          2
   c - Stone Arrow                    Conjuration/Earth            3
   d - Petrify                        Transmutation/Earth          4
   e - Lee's Rapid Deconstruction     Earth                        5
 r - a book of Minor Magic

   Spells                             Type                      Level
   a - Magic Dart                     Conjuration                  1
   b - Blink                          Translocation                2
   c - Call Imp                       Summoning                    2
   d - Slow                           Hexes                        2
   e - Conjure Flame                  Conjuration/Fire             3
   f - Mephitic Cloud                 Conjuration/Poison/Air       3
 w - a book of Necromancy

   Spells                             Type                      Level
   a - Pain                           Necromancy                   1
   b - Animate Skeleton               Necromancy                   1
   c - Vampiric Draining              Necromancy                   3
   d - Regeneration                   Charms/Necromancy            3
   e - Animate Dead                   Necromancy                   4
   f - Control Undead                 Necromancy                   4
 y - a book of Misfortune

   Spells                             Type                      Level
   a - Confusing Touch                Hexes                        1
   b - Confuse                        Hexes                        3
   c - Gell's Gravitas                Translocation                3
   d - Petrify                        Transmutation/Earth          4
   e - Metabolic Englaciation         Hexes/Ice                    5
   f - Yara's Violent Unravelling     Hexes/Transmutation          5
Comestibles
 d - 3 bread rations
 x - 4 fruits


   Skills:
 - Level 1.6 Dodging
 - Level 2.1 Stealth
 - Level 0.2 Unarmed Combat
 + Level 4.4 Spellcasting
 + Level 3.5 Conjurations
   Level 0.7 Transmutations
 + Level 6.2 Earth Magic


You had 10 spell levels left.
You knew the following spells:

 Your Spells              Type           Power        Failure   Level  Hunger
a - Sandblast             Erth           ####..       1%          1    None
b - Conjure Flame         Conj/Fire      ##......     21%         3    ###....


Dungeon Overview and Level Annotations

Branches:
Dungeon (4/15)
 Temple: D:4-7

Altars:
Trog

Annotations:
D:2 exclusion: 2 downstairs
D:3 Glalom's ghost, amateur DDFi
D:4 Pikel


Innate Abilities, Weirdness & Mutations

You are resistant to torment.
Your stone body is resilient. (AC +4)
You are immune to poison.
You resist negative energy. (rN+)
You are resistant to electric shocks. (rElec)
You can survive without breathing.
You are immune to petrification.
You are immune to rotting.


Message History

Casting: Sandblast
Confirm with . or Enter, or press ? or * to list all spells.
Aiming: Sandblast
Press: ? - help, Shift-Dir - straight line, f/p - Pikel
Aim: Pikel, wielding a whip of flaming and wearing a robe (heavily wounded, berserk, fast, unusually strong)
The blast of sand hits Pikel.
Pikel is severely wounded.
b - 75 stones Pikel hits you with a whip of flaming.
Pikel burns you. Pikel barely misses you.
Casting: Sandblast
Confirm with . or Enter, or press ? or * to list all spells.
Aiming: Sandblast
Press: ? - help, Shift-Dir - straight line, f/p - Pikel
Aim: Pikel, wielding a whip of flaming and wearing a robe (severely wounded, berserk, fast, unusually strong)
The blast of sand hits Pikel.
Pikel is almost dead.
b - 74 stones Pikel hits you with a whip of flaming!
You die...

... #...#....... ...
#...'....... ....
#...#....... ...#
#####...#......> #..
#.......#....... .. ##+#
#.......#....... .....
#.......#.......
..%...####.......########
.....ppK@........#
....p.############ .....
.... #.. #p #


You could see Pikel (berserk) and 3 slaves.

Vanquished Creatures
  Grinder (D:4)
  2 hounds (D:4)
  An orc wizard (D:4)
  A worker ant (D:4)
  Robin (D:2)
  4 adders
  An ooze (D:2)
  A worm (D:3)
  2 dart slugs (D:2)
  5 leopard geckos
  6 orcs
  A ball python (D:2)
  6 bats
  3 giant cockroaches
  15 goblins
  7 hobgoblins
  4 jackals (D:3)
  4 kobolds
  2 quokkas
  2 frilled lizards
  5 rats
74 creatures vanquished.

Notes
Turn   | Place    | Note
-------+----------+-------------------------------------------
     0 | D:1      | mortelune the Gargoyle Earth Elementalist began the quest for the Orb.
     0 | D:1      | Reached XP level 1. HP: 10/10 MP: 3/3
   414 | D:1      | Reached XP level 2. HP: 15/15 MP: 3/5
   685 | D:2      | Reached skill level 4 in Earth Magic
   729 | D:2      | Noticed Robin
   738 | D:2      | Killed Robin
   738 | D:2      | Reached XP level 3. HP: 17/19 MP: 0/7
  1423 | D:2      | Reached XP level 4. HP: 24/24 MP: 8/8
  1697 | D:2      | Learned a level 3 spell: Conjure Flame
  1837 | D:3      | Noticed Glalom's ghost (amateur DDFi)
  2191 | D:3      | Reached skill level 1 in Conjurations
  2191 | D:3      | Reached skill level 5 in Earth Magic
  2333 | D:3      | Reached XP level 5. HP: 27/28 MP: 10/10
  3188 | D:4      | Reached XP level 6. HP: 19/32 MP: 4/12
  3366 | D:4      | Noticed Grinder
  3381 | D:4      | Killed Grinder
  3381 | D:4      | Reached skill level 6 in Earth Magic
  3381 | D:4      | Reached XP level 7. HP: 35/36 MP: 1/13
  3634 | D:4      | Found a bloodstained altar of Trog.
  3929 | D:4      | Noticed Pikel
  3946 | D:4      | Slain by Pikel

Skill      XL: |  1  2  3  4  5  6 |
---------------+-------------------+-----
Earth Magic    | 4 5 6 |  6.2
Spellcasting   | 3 4 |  4.4
Conjurations   | 1 2 3 |  3.5
Dodging        | |  1.6
Stealth        | |  2.1
Unarmed Combat | |  0.2
Transmutations | |  0.7

Action                   |  1- 3 |  4- 6 |  7- 9 || total
-------------------------+-------+-------+-------++-------
Melee: Unarmed           |    17 |       |       ||    17
       Whip              |    31 |       |       ||    31
       Dagger            |    10 |       |       ||    10
       Mace              |    24 |    84 |     6 ||   114
 Cast: Sandblast         |    10 |    35 |    11 ||    56
 Stab: Sleeping          |       |     1 |       ||     1
  Eat: Chunk             |     2 |     6 |     2 ||    10
Armor: Robe              |    22 |    46 |     6 ||    74
Dodge: Dodged            |    45 |    84 |     6 ||   135
